 Dungeon Crawl Stone Soup version 0.23.2-40-g277498a001 (webtiles) character file.

Game seed: 7345080073310676148

543 KamiKatze the Conjurer (level 7, -4/40 HPs)
             Began as a Tengu Conjurer on Sept 22, 2019.
             Slain by an ice beast (12 damage)
             ... on level 4 of the Dungeon.
             The game lasted 00:18:12 (4469 turns).

KamiKatze the Conjurer (Tengu Conjurer)             Turns: 4469, Time: 00:18:12

Health: -4/40      AC:  2    Str:  9    XL:     7   Next: 27%
Magic:  20/23      EV: 15    Int: 17    God:
Gold:   169        SH:  0    Dex: 14    Spells: 0/14 levels left

rFire    . . .     SeeInvis .   e - +0 dagger
rCold    . . .     Gourm    .   (no shield)
rNeg     . . .     Faith    .   a - +0 robe
rPois    .         Spirit   .   (helmet restricted)
rElec    .         Reflect  .   (no cloak)
rCorr    .         Harm     .   (no gloves)
MR       .....                  (boots unavailable)
Stlth    ++........             b - amulet of regeneration
HPRegen  0.53/turn              j - ring of magical power
MPRegen  0.18/turn              (no ring)

@: flying quickly and evasively, quick
A: beak, talons 3, able to fly
a: Stop Flying


You were on level 4 of the Dungeon.
You were hungry.

You visited 1 branch of the dungeon, and saw 5 of its levels.

You collected 169 gold pieces.

Inventory:

Hand Weapons
 e - a +0 dagger (weapon)
Missiles
 h - 4 throwing nets (quivered)
Armour
 a - a +0 robe (worn)
 f - a +0 ring mail
Jewellery
 b - an amulet of regeneration (around neck)
 j - a ring of magical power (left hand)
Scrolls
 i - 2 scrolls of teleportation
 l - 3 scrolls of remove curse
 o - a scroll of fog
 p - a scroll of fear
 r - a scroll of enchant weapon {unknown}
Potions
 d - 3 potions of might
 g - 2 potions of cancellation
 k - a potion of brilliance
 m - a potion of agility {unknown}
 n - a potion of flight {unknown}
Comestibles
 c - 7 rations
 q - 6 chunks of flesh


   Skills:
 + Level 2.9 Fighting
 - Level 2.1 Dodging
 - Level 2.0 Stealth
 * Level 4.4 Spellcasting
 * Level 7.9 Conjurations
 + Level 1.6 Hexes


You couldn't memorise any spells.
You knew the following spells:

 Your Spells              Type           Power        Failure   Level  Hunger
a - Magic Dart            Conj           ####         1%          1    None
b - Searing Ray           Conj           ####..       1%          2    ##.....
c - Dazzling Spray        Conj/Hex       ###...       6%          3    ###....
d - Iskenderun's Mystic   Conj           ####....     6%          4    ####...
e - Fulminant Prism       Conj/Hex       ###.......   22%         4    ####...

Your spell library contained the following spells:

 Spells                   Type           Power        Failure   Level  Hunger
 Force Lance              Conj/Tloc      ###.....     28%         4    ####...


Dungeon Overview and Level Annotations

Branches:
Dungeon (5/15)
 Temple: D:4-7

Altars:
Gozag
Okawaru
Sif Muna
Wu Jian


Innate Abilities, Weirdness & Mutations

You have a beak for a mouth.
You have claws for feet.
You can fly continuously.


Message History

The ice beast is heavily wounded.
The searing ray hits the ice beast!
The ice beast is almost dead.
You finish channeling your searing ray.
The ice beast barely misses you. The ice beast hits you.
The ice beast freezes you!
A centaur comes into view.
The centaur shouts!
You are feeling hungry.
The centaur wields a +0 shortbow.
The centaur shoots an arrow.
The arrow barely misses you.
There is a stone staircase leading up here.
The ice beast hits you. The ice beast freezes you!
You fly upwards.
There is a stone staircase leading down here.
The ice beast hits you. The ice beast freezes you.
* * * LOW HITPOINT WARNING * * *
The ice beast hits you.
* * * LOW HITPOINT WARNING * * *
The ice beast freezes you!
You die...

.#.........#.......'##♣♣♣♣
.#.........#.......#.#
.######...##.......####
......#...###'###.....#
......#...#.....#<....#
......#...#.....#.....#
......#..[#.....#.....#
#.....###'#######.....#
#.....#...#.....@...###
#..)..#...#....Y....#
#.....#...#.........#
#.....#...'.........#
#..)..#...#.........#
#.....#...#.........#
#.....#...#.........#
#.........#.>.......#
.###########.....####


You could see an ice beast.

Vanquished Creatures
  An ogre (D:4)
  A scorpion (D:4)
  An orc priest (D:4)
  Jessica (D:3)
  Natasha (twice) (D:2)
  An orc wizard (D:4)
  4 worker ants
  6 adders
  4 gnolls (D:4)
  2 oozes
  2 worms
  A dart slug (D:2)
  3 leopard geckos
  8 orcs
  7 bats
  5 giant cockroaches
  6 goblins
  9 hobgoblins
  4 kobolds
  4 quokkas
  5 frilled lizards
  5 rats
82 creatures vanquished.

Notes
Turn   | Place    | Note
-------+----------+-------------------------------------------
     0 | D:1      | KamiKatze the Tengu Conjurer began the quest for the Orb.
     0 | D:1      | Reached XP level 1. HP: 10/10 MP: 4/4
   238 | D:1      | Reached XP level 2. HP: 14/16 MP: 6/6
   242 | D:1      | Learned a level 2 spell: Searing Ray
   952 | D:2      | Reached skill level 1 in Fighting
   952 | D:2      | Reached XP level 3. HP: 7/20 MP: 1/7
  1263 | D:2      | Found an iron altar of Okawaru.
  1268 | D:2      | Noticed Natasha
  1403 | D:2      | Killed Natasha
  1403 | D:2      | Reached skill level 6 in Conjurations
  1403 | D:2      | Reached XP level 4. HP: 11/25 MP: 3/9
  1477 | D:2      | You fall through a shaft!
  1593 | D:3      | Learned a level 3 spell: Dazzling Spray
  1639 | D:3      | Noticed Jessica
  1654 | D:3      | Killed Jessica
  2037 | D:2      | Found a deep blue altar of Sif Muna.
  2144 | D:2      | Gained mutation: You can fly continuously. [Tengu growth]
  2144 | D:2      | Reached XP level 5. HP: 29/29 MP: 10/10
  2247 | D:2      | Noticed Natasha
  2254 | D:2      | Killed Natasha
  2656 | D:3      | Learned a level 4 spell: Iskenderun's Mystic Blast
  2792 | D:3      | Found an opulent altar of Gozag.
  3511 | D:4      | Reached skill level 7 in Conjurations
  3511 | D:4      | Reached skill level 1 in Hexes
  3511 | D:4      | Reached XP level 6. HP: 17/35 MP: 8/12
  4011 | D:4      | Reached XP level 7. HP: 40/40 MP: 14/14
  4046 | D:4      | Learned a level 4 spell: Fulminant Prism
  4407 | D:5      | Entered Level 5 of the Dungeon
  4440 | D:5      | Found an ornate altar of the Wu Jian Council.
  4469 | D:4      | Slain by an ice beast

Skill      XL: |  1  2  3  4  5  6 |
---------------+-------------------+-----
Fighting       | 1 2 |  2.9
Conjurations   | 6 7 |  7.9
Spellcasting   | 3 4 |  4.4
Hexes          | 1 |  1.6
Dodging        | |  2.1
Stealth        | |  2.0

Action                   |  1- 3 |  4- 6 |  7- 9 || total
-------------------------+-------+-------+-------++-------
Melee: Mace              |     6 |       |       ||     6
       Peck              |     1 |     6 |     1 ||     8
       Unarmed           |     1 |       |       ||     1
       Dagger            |     8 |    20 |     2 ||    30
       Kick              |     1 |     3 |       ||     4
 Cast: Magic Dart        |    41 |    78 |     7 ||   126
       Searing Ray       |     3 |    12 |     8 ||    23
       Iskenderun's Myst |       |     4 |       ||     4
 Abil: Fly               |       |     1 |       ||     1
  Use: Scroll            |     6 |     3 |     2 ||    11
       Potion            |     1 |       |       ||     1
 Stab: Sleeping          |       |     4 |       ||     4
  Eat: Chunk             |     2 |     6 |     1 ||     9
       Ration            |       |     1 |       ||     1
Armor: Robe              |     5 |     3 |       ||     8
Dodge: Dodged            |    32 |    23 |     2 ||    57
